 Dungeon Crawl Stone Soup version 0.29-a0-757-g358383b (webtiles) character file.

Game seed: 13260927373058876198

21207 PurpleRed the Eclecticist (level 12, -2/62 HPs)
             Began as a Deep Elf Brigand on June 30, 2022.
             Was a High Priest of Vehumet.
             Slain by a merfolk
             ... wielding a +0 trident
              (18 damage)
             ... on level 2 of the Lair of Beasts.
             The game lasted 01:16:34 (6017 turns).

PurpleRed the Eclecticist (Deep Elf Brigand)        Turns: 6017, Time: 01:16:35

Health: -2/62      AC:  8    Str:  8    XL:     12   Next: 52%
Magic:  12/43      EV: 12    Int: 26    God:    Vehumet [*****.]
Gold:   647        SH:  0    Dex: 20    Spells: 26/43 levels left

rFire   + + .      SeeInvis +   e - +4 dagger of Ifisoz {elec, Will+ MP+9 Dex+4}
rCold   + . .      Faith    .   (no shield)
rNeg    + . .      Spirit   .   z - +0 robe {rC+ rF+}
rPois   .          Reflect  .   E - +2 hat of Philately {rN+ Int+4}
rElec   .          Harm     .   c - +0 cloak
rCorr   .          Rampage  .   D - +2 pair of gloves {hurl}
Will    ++...                   (no boots)
Stlth   +++.......              (no amulet)
HPRegen 0.20/turn               N - ring of see invisible
MPRegen 0.28/turn               a - ring of protection from fire

@: no status effects
A: no striking features
a: Renounce Religion


You were on level 2 of the Lair of Beasts.
You worshipped Vehumet.
Vehumet was extremely pleased with you.
You visited 3 branches of the dungeon, and saw 15 of its levels.
You also visited: Bailey and Volcano.

You collected 647 gold pieces.

Inventory:

Hand Weapons
 e - the +4 dagger of Ifisoz (weapon) {elec, Will+ MP+9 Dex+4}
   (You found it on level 4 of the Dungeon)

   It occasionally discharges a powerful burst of electricity upon striking a
   foe.
   Dex:       It affects your dexterity (+4).
   MP:        It affects your magic capacity (+9).
   Will:      It increases your willpower.
 g - a +0 scythe
 h - a +0 glaive
 j - a +2 sling of freezing
 v - a +0 scimitar of flaming
 x - a +5 short sword
 F - a +5 long sword of freezing
 J - a +3 dagger of freezing
 L - a +3 dagger of venom
Missiles
 d - 56 poisoned darts (quivered)
 i - a boomerang
 u - 8 throwing nets
Armour
 b - a +0 robe
 c - a +0 cloak (worn)
 m - a +2 robe of willpower
 o - a +2 leather armour of positive energy
 q - an orb of energy
 r - a +3 leather armour of fire resistance
 z - a +0 robe of resistance (worn)
 D - a +2 pair of gloves of hurling (worn)
 E - the +2 hat of Philately (worn) {rN+ Int+4}
   (You acquired it on level 8 of the Dungeon)

   Int:       It affects your intelligence (+4).
   rN:        It protects you from negative energy.
 G - a +2 robe of fire resistance
Magical Staves
 t - a staff of poison
 C - a staff of death
Jewellery
 a - a ring of protection from fire (right hand)
 N - a ring of see invisible (left hand)
Wands
 n - a wand of polymorph (14)
 M - a wand of paralysis (4)
 P - a wand of acid (4)
Scrolls
 f - 3 scrolls of noise
 p - 2 scrolls of teleportation
 y - 3 scrolls of amnesia
 B - 3 scrolls of fog
 I - 5 scrolls of identify
Potions
 k - 4 potions of flight
 s - 4 potions of mutation
 w - 4 potions of heal wounds
 A - a potion of magic
 H - 2 potions of curing
 O - 2 potions of invisibility
Miscellaneous
 l - a lightning rod (1/4)
 K - a phantom mirror


   Skills:
 - Level 2.0 Fighting
 - Level 2.0 Short Blades
 - Level 2.0 Throwing
 - Level 1.2 Dodging
 - Level 5.0 Stealth
 + Level 16.1 Spellcasting
 + Level 13.2 Conjurations
 + Level 9.9 Fire Magic
 - Level 8.0 Earth Magic


You had 26 spell levels left.
You knew the following spells:

 Your Spells              Type           Power      Damage    Failure   Level
a - Sandblast             Erth           100%       2d20      1%          1
b - Passwall              Tmut/Erth      34%        N/A       1%          2
c - Stone Arrow           Conj/Erth      100%       3d13      1%          3
d - Iron Shot             Conj/Erth      33%        9d7       1%          6
e - Fireball              Conj/Fire      34%        3d14      1%          5

Your spell library contained the following spells:

 Spells                   Type           Power      Damage    Failure   Level
 Sticky Flame             Conj/Fire      69%        2d8       1%          4
 Conjure Flame            Conj/Fire      69%        6-21      1%          3
 Inner Flame              Hex/Fire       46%        N/A       1%          3
 Petrify                  Tmut/Erth      41%        N/A       4%          4
 Confusing Touch          Hex            20%        N/A       8%          3
 Spider Form              Tmut/Pois      20%        N/A       8%          3
 Yara's Violent Unravell  Hex/Tmut       10%        3d6       17%         5
 Cause Fear               Hex            10%        N/A       24%         4
 Ice Form                 Ice/Tmut       20%        N/A       24%         4
 Enfeeble                 Hex            10%        N/A       100%        7
 Storm Form               Tmut/Air       10%        N/A       100%        7
 Discord                  Hex            10%        N/A       100%        8


Dungeon Overview and Level Annotations

Branches:
Dungeon (10/15)            Temple (1/1) D:5            Lair (4/6) D:9
    Orc (0/2) D:10         Bailey (visited)         Volcano (visited)
  Swamp: Lair:2-4    Shoals: Lair:2-4     Snake: Lair:2-4    Spider: Lair:2-4

Altars:
Ashenzari
Cheibriados
Dithmenos
Elyvilon
Fedhas
Gozag
Hepliaklqana
Kikubaaqudgha
Makhleb
Nemelex Xobeh
Okawaru
Qazlal
Ru
Sif Muna
Trog
Uskayaw
Vehumet
Wu Jian
Xom
Yredelemnul
Zin
The Shining One

Shops:
D:1 [

Annotations:
D:7 2 runed translucent doors, Crazy Yiuf; porkupine's ghost, novice MiAK
D:8 Maggie


Message History

The black mamba is almost dead.
The black mamba barely misses you.
A merfolk opens the door.
The black mamba closely misses you. The black mamba closely misses you.
The black mamba bites you but does no damage.
The black mamba bites you!
Casting: Fireball (dangerous; 1% risk of failure)
Confirm with . or Enter, or press ? or * to list all spells.
Aiming: Sandblast (safe; 1% risk of failure)
Press: ? - help, Shift-Dir - straight line, f - black mamba
Aim: a black mamba (almost dead, 73% to hit)
The blast of sand hits the black mamba!
You kill the black mamba!
Vehumet accepts your kill.
You feel your power returning.
Casting: Sandblast (safe; 1% risk of failure)
Confirm with . or Enter, or press ? or * to list all spells.
Aiming: Stone Arrow (safe; 1% risk of failure)
Press: ? - help, Shift-Dir - straight line, f - merfolk
Aim: a merfolk, wielding a +0 trident (72% to hit)
The stone arrow hits the merfolk!!
The merfolk is heavily wounded.
Casting: Stone Arrow (safe; 1% risk of failure)
Confirm with . or Enter, or press ? or * to list all spells.
Aiming: Stone Arrow (safe; 1% risk of failure)
Press: ? - help, Shift-Dir - straight line, f/p - merfolk
Aim: a merfolk, wielding a +0 trident (heavily wounded, 72% to hit)
The stone arrow hits the merfolk!!
The merfolk is almost dead.
The merfolk hits you from afar with a +0 trident!
Casting: Stone Arrow (safe; 1% risk of failure)
Confirm with . or Enter, or press ? or * to list all spells.
Aiming: Sandblast (safe; 1% risk of failure)
Press: ? - help, Shift-Dir - straight line, f/p - merfolk
Aim: a merfolk, wielding a +0 trident (almost dead, 80% to hit)
The blast of sand misses the merfolk.
The merfolk hits you from afar with a +0 trident!!
* * * LOW HITPOINT WARNING * * *
The merfolk hits you from afar with a +0 trident!!
You die...

#...## #P..##.## ##...#
##.P# # ###.# ##.#####
.. #.##...##.###### ...
#..............# ....
##.......#....#####....
#.....######...#...(.#
##...## ###........#
#### #..@.....###
#......##m...# ##...##
#P........ .....
.........PP ####
###'...#.### ≈#..## #
≈≈#.## ≈≈##. ### .


You could see a merfolk.

Vanquished Creatures
  A red draconian (Volcano)
  Harold (D:9)
  2 hydras
  An ogre mage (Volcano)
  Erica (D:8)
  6 two-headed ogres (Volcano)
  A manticore (D:8)
  Joseph (D:8)
  A black mamba (Lair:2)
  3 komodo dragons
  A hornet (D:8)
  13 blink frogs
  A shadow (D:9)
  Sigmund (D:5)
  A wyvern (Lair:4)
  A wraith (D:6)
  10 yaks
  A vampire (D:9)
  4 vampire mosquitoes (D:10)
  6 water moccasins
  2 sky beasts
  An orc warrior (D:9)
  6 black bears
  An ogre (D:5)
  6 wolves
  A centaur (D:4)
  A phantom (D:4)
  5 kobold brigands
  Blork the orc (D:5)
  14 bullfrogs
  10 gnoll sergeants (Bailey)
  27 wights
  6 killer bees (D:8)
  A howler monkey (D:4)
  7 gnoll shamans (Bailey)
  6 hounds
  2 orc priests
  10 orc wizards
  7 hell rats (Lair:2)
  Natasha (D:4)
  14 gnolls
  10 adders
  A river rat (D:5)
  A shadow imp (D:8)
  3 ufetubi
  3 worms
  A dart slug (D:4)
  25 orcs
  7 ball pythons
  3 bats
  2 endoplasms
  12 goblins
  6 hobgoblins
  5 jackals
  23 kobolds
  2 quokkas
  A frilled lizard (D:1)
  2 rats
293 creatures vanquished.

Vanquished Creatures (others)
  11 fungi
  6 plants
17 creatures vanquished.

Grand Total: 310 creatures vanquished

Notes
Turn   | Place    | Note
-------+----------+-------------------------------------------
     0 | D:1      | PurpleRed the Deep Elf Brigand began the quest for the Orb.
     0 | D:1      | Reached XP level 1. HP: 12/12 MP: 3/3
    42 | D:1      | Reached skill level 1 in Spellcasting
    59 | D:1      | Found Siter's Antique Armour Boutique.
   106 | D:2      | Reached skill level 2 in Spellcasting
   106 | D:2      | Reached XP level 2. HP: 17/17 MP: 5/7
   151 | D:2      | Learned a level 1 spell: Sandblast
   244 | D:2      | Reached skill level 5 in Stealth
   289 | D:3      | Found a faded altar of an unknown god.
   442 | D:3      | Reached XP level 3. HP: 15/21 MP: 8/8
   452 | D:3      | Learned a level 2 spell: Passwall
   456 | D:3      | Learned a level 3 spell: Stone Arrow
   652 | D:4      | Reached skill level 3 in Spellcasting
   652 | D:4      | Reached skill level 1 in Earth Magic
   741 | D:3      | Reached XP level 4. HP: 19/26 MP: 3/11
  1229 | D:4      | Noticed a centaur
  1234 | D:4      | Killed a centaur
  1235 | D:4      | Reached skill level 4 in Spellcasting
  1235 | D:4      | Reached skill level 1 in Conjurations
  1235 | D:4      | Reached XP level 5. HP: 28/30 MP: 7/13
  1265 | D:5      | Entered Level 5 of the Dungeon
  1265 | D:5      | Noticed a sky beast
  1268 | D:5      | Noticed an ogre
  1321 | D:4      | Noticed a phantom
  1334 | D:4      | HP: 1/30 [phantom (7)]
  1346 | D:4      | Killed a phantom
  1347 | D:4      | Reached skill level 5 in Spellcasting
  1347 | D:4      | Reached XP level 6. HP: 2/35 MP: 0/15
  1401 | D:4      | Noticed Natasha
  1466 | D:4      | Identified the +4 dagger of Ifisoz {elec, Will+ MP+9 Dex+4}
  1570 | D:4      | Killed a sky beast
  1589 | D:4      | Reached skill level 6 in Spellcasting
  1589 | D:4      | Reached XP level 7. HP: 17/40 MP: 11/18
  1648 | D:4      | Killed Natasha
  1784 | D:5      | Noticed Sigmund
  1812 | D:5      | Reached skill level 5 in Earth Magic
  1814 | D:5      | HP: 1/40 [black bear (2)]
  1871 | D:5      | Found an ornate altar of the Wu Jian Council.
  1912 | D:5      | Reached skill level 7 in Spellcasting
  1961 | D:5      | Killed Sigmund
  1962 | D:5      | Reached skill level 5 in Conjurations
  1962 | D:5      | Reached XP level 8. HP: 9/44 MP: 6/21
  1993 | D:5      | Noticed Blork the orc
  2055 | D:5      | Killed Blork the orc
  2097 | D:5      | Found a staircase to the Ecumenical Temple.
  2106 | Temple   | Entered the Ecumenical Temple
  2183 | Temple   | Became a worshipper of Vehumet
  2212 | D:5      | Reached skill level 8 in Spellcasting
  2339 | D:7      | Found a runed translucent door.
  2339 | D:7      | Noticed porkupine's ghost (novice MiAK)
  2489 | D:6      | Found a stormy altar of Qazlal.
  2489 | D:6      | Found an iron altar of Okawaru.
  2489 | D:6      | Found an ancient bone altar of Kikubaaqudgha.
  2725 | D:7      | Reached skill level 9 in Spellcasting
  2750 | D:7      | Reached XP level 9. HP: 48/48 MP: 21/24
  2835 | D:7      | Reached * piety under Vehumet
  2835 | D:7      | Offered knowledge of Shock by Vehumet.
  2852 | D:7      | Found a runed translucent door.
  2853 | D:7      | Noticed Crazy Yiuf
  2974 | D:8      | Identified 3 scrolls of acquirement
  2975 | D:8      | Acquired a +2 pair of gloves of hurling
  2982 | D:8      | Acquired the +2 hat of Philately {rN+ Int+4}
  2989 | D:8      | Acquired the Grimoire of Hurtful Transformation
  2998 | D:8      | Learned a level 6 spell: Iron Shot
  3004 | D:8      | Learned a level 5 spell: Fireball
  3027 | D:8      | Noticed Maggie
  3222 | D:8      | Reached skill level 10 in Spellcasting
  3263 | D:8      | Noticed Joseph
  3280 | D:8      | HP: 2/48 [Joseph/sling bullet (16)]
  3282 | D:8      | Killed Joseph
  3287 | D:8      | HP: 2/48 [poisoned by a kobold]
  3489 | D:8      | Reached skill level 11 in Spellcasting
  3651 | D:8      | Noticed a manticore
  3655 | D:8      | Killed a manticore
  3656 | D:8      | Reached XP level 10. HP: 21/53 MP: 17/27
  3704 | D:8      | Noticed Erica
  3707 | D:8      | Killed Erica
  3708 | D:8      | Reached skill level 1 in Fire Magic
  3736 | D:8      | Reached skill level 12 in Spellcasting
  3790 | D:8      | Reached ** piety under Vehumet
  3805 | D:8      | Offered knowledge of Foxfire by Vehumet.
  4069 | D:9      | Noticed Harold
  4076 | D:9      | Killed Harold
  4077 | D:9      | Reached skill level 10 in Conjurations
  4086 | D:9      | Found a shimmering blue altar of Sif Muna.
  4087 | D:9      | Found a snail-covered altar of Cheibriados.
  4088 | D:9      | Found a hazy altar of Hepliaklqana.
  4228 | D:9      | Offered knowledge of Ignite Poison by Vehumet.
  4279 | D:10     | Entered Level 10 of the Dungeon
  4284 | D:10     | Found a flagged portal.
  4312 | Bailey   | Entered a bailey
  4350 | Bailey   | Reached *** piety under Vehumet
  4352 | Bailey   | Reached skill level 13 in Spellcasting
  4387 | Bailey   | Reached skill level 5 in Fire Magic
  4439 | Bailey   | Offered knowledge of Dazzling Flash by Vehumet.
  4591 | Bailey   | Reached XP level 11. HP: 41/57 MP: 30/30
  4679 | Bailey   | Got the Almanac of Transmutation
  4729 | D:10     | Found a staircase to the Orcish Mines.
  4768 | D:9      | Found a staircase to the Lair.
  4968 | Lair:1   | Entered Level 1 of the Lair of Beasts
  4973 | Lair:1   | Reached **** piety under Vehumet
  5081 | Lair:1   | Reached skill level 14 in Spellcasting
  5131 | Lair:1   | Offered knowledge of Lee's Rapid Deconstruction by Vehumet.
  5245 | Lair:1   | Noticed an eight-headed hydra
  5250 | Lair:1   | Killed an eight-headed hydra
  5288 | Lair:1   | Found a dark tunnel.
  5298 | Volcano  | Entered a volcano
  5314 | Volcano  | Noticed an ogre mage
  5317 | Volcano  | Killed an ogre mage
  5321 | Volcano  | Found a bloodstained altar of Trog.
  5323 | Volcano  | Noticed a two-headed ogre
  5324 | Volcano  | Noticed a two-headed ogre
  5329 | Volcano  | Noticed a two-headed ogre
  5330 | Volcano  | Killed a two-headed ogre
  5339 | Volcano  | Killed a two-headed ogre
  5339 | Volcano  | Noticed a two-headed ogre
  5346 | Volcano  | Killed a two-headed ogre
  5347 | Volcano  | Reached skill level 15 in Spellcasting
  5348 | Volcano  | Killed a two-headed ogre
  5350 | Volcano  | Noticed a two-headed ogre
  5355 | Volcano  | Killed a two-headed ogre
  5356 | Volcano  | Reached XP level 12. HP: 62/62 MP: 17/33
  5365 | Volcano  | Noticed a two-headed ogre
  5365 | Volcano  | Noticed a red draconian
  5382 | Volcano  | Killed a red draconian
  5412 | Volcano  | Killed a two-headed ogre
  5822 | Lair:4   | Noticed a seven-headed hydra
  5827 | Lair:4   | Killed a seven-headed hydra
  5903 | Lair:3   | Reached ***** piety under Vehumet
  5903 | Lair:3   | Offered knowledge of Sticky Flame by Vehumet.
  5955 | Lair:2   | Reached skill level 16 in Spellcasting
  6017 | Lair:2   | Slain by a merfolk

Illustrated notes

Levels and vault maps discovered:
D:1:      dpeg_arrival_simpleton_b, layout_loops_cross, serial_shops, shop,
          chequers_serial_rivers_small_a
D:2:      layout_basic
D:3:      layout_basic, dreamdust_ecumenical_altar_statues, lemuel_old_faithful
D:4:      layout_cave_pools, nzn_random_ring, uniq_natasha
D:5:      layout_loops_ring, nicolae_wu_jian_immortal_techniques,
          minmay_temple_entry_mini_moons, cheibrodos_sewer_entry_sluice,
          uniq_sigmund, uniq_blork_the_orc
D:6:      layout_loops_ring, gammafunk_temple_overflow_forgotten,
          minmay_small_thing
D:7:      layout_loops_ring, gammafunk_ghost_grave,
          minmay_misc_feat_four_crosses, uniq_crazy_yiuf_cottage
D:8:      layout_loops_ring, minmay_misc_feat_five, kennysheep_just_a_vault,
          uniq_prince_ribbit1, uniq_erica, uniq_maggie, uniq_joseph
D:9:      layout_loops_cross, chequers_temple_overflow_statue_of_worship,
          dpeg_oklobed_lair, uniq_harold
D:10:     layout_cave_pools, orc_0_dummy, enter_bailey_5, minivault_27,
          serial_bayou_crossing
Temple:   regret_index_temple_waves
Lair:1:   layout_chaotic_city, enter_volcano_1, lemuel_fruit_fields,
          grunt_megastairs_5
Lair:2:   layout_layer_cave, elwin_shoals_entry_rooms, dummy_spider_entry
Lair:3:   layout_roguey, beast_lair_carwin_6, grunt_megastairs_2
Lair:4:   layout_roguey, grunt_megastairs_1

Skill      XL: |  1  2  3  4  5  6  7  8  9 10 11 12 |
---------------+-------------------------------------+-----
Spellcasting   | 2 3 4 5 6 7 9 11 13 15 16 | 16.1
Fighting       | 2 |  2.0
Stealth        | 5 |  5.0
Earth Magic    | 2 3 4 5 7 8 |  8.0
Conjurations   | 1 2 3 5 6 9 10 12 13 | 13.2
Fire Magic     | 5 8 9 |  9.9
Short Blades   | |  2.0
Throwing       | |  2.0
Dodging        | |  1.2

Action                   |  1- 3 |  4- 6 |  7- 9 | 10-12 || total
-------------------------+-------+-------+-------+-------++-------
Melee: Dagger            |    37 |    30 |    61 |    70 ||   198
       Punch             |       |       |       |     3 ||     3
 Fire: Sling             |       |    18 |       |       ||    18
Throw: Dart              |     4 |    11 |     3 |    10 ||    28
       Boomerang         |       |     1 |       |       ||     1
       Throwing net      |       |       |       |     2 ||     2
 Cast: Sandblast         |    19 |    24 |     8 |    10 ||    61
       Stone Arrow       |     2 |    14 |    80 |   100 ||   196
       Iron Shot         |       |       |     6 |    23 ||    29
       Fireball          |       |       |       |    45 ||    45
Evoke: Wand              |       |    11 |     7 |    22 ||    40
       Lightning rod     |       |       |       |     5 ||     5
  Use: Scroll            |     5 |     6 |    12 |       ||    23
       Potion            |       |     5 |     1 |     1 ||     7
 Stab: Sleeping          |     8 |     5 |     5 |     3 ||    21
       Distracted        |       |       |       |     1 ||     1
       Held in net/web   |       |       |       |     1 ||     1
Armor: Robe              |    12 |    12 |    22 |    40 ||    86
Dodge: Dodged            |    26 |    26 |    35 |    48 ||   135

Table legend: (Time is in decaauts)
 A = Elapsed time spent in this place.
 B = Non-inter-level travel time spent in this place.
 C = Inter-level travel time spent in this place.
 D = Time resting spent in this place.
 E = Time spent auto-exploring this place.
 F = Levels seen in this place.
 G = Mean time per level.
                   A        B        C        D        E       F      G
               +--------+--------+--------+--------+--------+-----+--------+
         Total |   6196 |   6149 |     47 |      0 |      0 |  17 |  364.5 |
       Dungeon |   4567 |   4520 |     47 |      0 |      0 |  10 |  456.7 |
        Temple |    100 |    100 |      0 |      0 |      0 |   1 |  100.0 |
          Lair |    786 |    786 |      0 |      0 |      0 |   4 |  196.5 |
        Bailey |    447 |    447 |      0 |      0 |      0 |   1 |  447.0 |
       Volcano |    293 |    293 |      0 |      0 |      0 |   1 |  293.0 |
               +--------+--------+--------+--------+--------+-----+--------+

Top non-repeatable levels by time:
     D:8: 970 daAuts
     D:3: 695 daAuts
     D:4: 641 daAuts
     D:9: 509 daAuts
  Lair:1: 457 daAuts
     D:5: 448 daAuts
  Bailey: 447 daAuts
     D:6: 380 daAuts
     D:2: 329 daAuts
     D:7: 324 daAuts
 Volcano: 293 daAuts
  Lair:2: 157 daAuts
     D:1: 139 daAuts
    D:10: 128 daAuts
  Temple: 100 daAuts
